 Dungeon Crawl Stone Soup version 0.30.0-18-gc0e69614cb (webtiles) character file.

Game seed: 9076085059375073080

8486 ANNNA the Thaumaturge (level 11, -6/84 HPs)
             Began as a Purple Draconian Ice Elementalist on May 18, 2023.
             Was an Initiate of Ashenzari.
             Mangled by an orc knight
             ... wielding a +0 great sword
              (24 damage)
             ... on level 10 of the Dungeon on May 23, 2023.
             The game lasted 01:07:23 (15238 turns).

ANNNA the Thaumaturge (DrIE)                       Turns: 15238, Time: 01:07:24

Health: -6/84      AC:  7    Str: 15    XL:     11   Next: 10%
Magic:  19/25      EV: 13    Int: 16    God:    Ashenzari [......]
Gold:   379        SH:  0    Dex: 11    Spells: 23/31 levels left

rFire   . . .        E - +0 halberd (flame)
rCold   . . .        (shield currently unavailable)
rNeg    . . .        (body armour unavailable)
rPois   .            (helmet restricted)
rElec   .            (no cloak)
rCorr   .            (no gloves)
SInv    +            (no boots)
Will    +....        (no amulet)
Stlth   +++          y - ring of see invisible
HPRegen 0.34/turn    H - +4 ring of slaying
MPRegen 0.19/turn

%: no passive effects
@: about to teleport, short of breath, studying Unarmed Combat
A: breathe power, AC +7, unfitting armour, cold-blooded
a: Breathe Dispelling Energy, Renounce Religion, Curse Item


You were on level 10 of the Dungeon.
You worshipped Ashenzari.
Ashenzari was noncommittal.
You visited 2 branches of the dungeon, and saw 11 of its levels.
You also visited: Ossuary.

You collected 593 gold pieces.
You spent 214 gold pieces at shops.

Inventory:

Hand Weapons
 w - the +5 falchion of Glory {holy, rF++ rC+ MP+9 Stlth-}
   (You found it in an ossuary)

   rF:        It greatly protects you from fire.
   rC:        It protects you from cold.
   MP:        It affects your magic capacity (+9).
   Stlth:     It makes you less stealthy.
 E - a +0 halberd of flaming (weapon)
Missiles
 f - 80 stones (quivered)
 n - a curare-tipped dart
 t - 5 silver javelins
 A - 26 poisoned darts
Jewellery
 y - a ring of see invisible (left hand)
 B - a ring of fire
 H - a +4 ring of slaying (right hand)
Wands
 v - a wand of flame (40)
 F - a wand of digging (2)
 I - a wand of roots (7)
Scrolls
 b - a scroll of enchant armour {unknown}
 e - a scroll of teleportation
 g - 9 scrolls of noise
 i - 5 scrolls of magic mapping
 j - 3 scrolls of blinking
 l - 2 scrolls of brand weapon
 m - a scroll of silence {unknown}
 p - 3 scrolls of enchant weapon
 q - 2 scrolls of poison {unknown}
 s - 3 scrolls of vulnerability
 C - a scroll of immolation {unknown}
 D - a scroll of fog {unknown}
Potions
 a - a potion of magic
 c - a potion of flight
 d - 3 potions of attraction
 h - a potion of heal wounds
 k - 2 potions of curing
 r - 4 potions of berserk rage
 u - 3 potions of brilliance
 x - 2 potions of degeneration {unknown}
 z - a potion of haste {unknown}
 G - 2 potions of mutation {unknown}
 J - 2 potions of might {unknown}
Miscellaneous
 K - a phantom mirror


   Skills:
 + Level 4.3 Fighting
 + Level 1.4 Short Blades
 * Level 7.2 Polearms
 + Level 0.5 Throwing
 * Level 3.9 Dodging
 + Level 6.9 Stealth
 + Level 0.1 Unarmed Combat
 + Level 10.8 Spellcasting
 + Level 8.1 Ice Magic
 + Level 5.0 Evocations


You had 23 spell levels left.
You knew the following spells:

 Your Spells              Type           Power      Damage    Failure   Level
a - Freeze                Ice            100%       1d10      1%          1
b - Frozen Ramparts       Ice            68%        1d11      1%          3
c - Ozocubu's Armour      Ice            34%        N/A       1%          3
d - Apportation           Tloc           16%        N/A       9%          1

Your spell library contained the following spells:

 Spells                   Type           Power      Damage    Failure   Level
 Beastly Appendage        Tmut           16%        N/A       9%          1
 Foxfire                  Conj/Fire      32%        2x1d5     9%          1
 Necrotise                Necr           32%        1d5       9%          1
 Summon Small Mammal      Summ           32%        N/A       9%          1
 Lesser Beckoning         Tloc           16%        N/A       13%         2
 Sublimation of Blood     Necr           8%         N/A       13%         2
 Wereblood                Tmut           8%         N/A       13%         2
 Summon Ice Beast         Ice/Summ       21%        N/A       16%         4
 Gell's Gravitas          Tloc           8%         N/A       26%         3
 Spider Form              Tmut/Pois      8%         N/A       26%         3
 Teleport Other           Tloc           8%         N/A       26%         3
 Vampiric Draining        Necr           8%         2d6       26%         3
 Metabolic Englaciation   Hex/Ice        10%        N/A       41%         5
 Agony                    Necr           8%         N/A       93%         5
 Alistair's Intoxication  Tmut/Pois      5%         N/A       93%         5
 Fireball                 Conj/Fire      4%         3d4       93%         5
 Simulacrum               Ice/Necr       10%        N/A       94%         6
 Ozocubu's Refrigeration  Ice            17%        4d11      94%         7
 Plasma Beam              Fire/Air       4%         2x1d15    100%        6
 Starburst                Conj/Fire      4%         6d3       100%        6
 Summon Hydra             Summ           4%         N/A       100%        7
 Polar Vortex             Ice            17%        N/A       100%        9


Dungeon Overview and Level Annotations

Branches:
Dungeon (10/15)            Temple (1/1) D:4             Orc (0/2) D:10
Ossuary (visited)
   Lair: D:8-11

Altars:
Ashenzari
Cheibriados
Dithmenos
Elyvilon
Fedhas
Gozag
Hepliaklqana
Kikubaaqudgha
Makhleb
Nemelex Xobeh
Okawaru
Qazlal
Ru
Sif Muna
Trog
Uskayaw
Vehumet
Wu Jian
Xom
Yredelemnul
Zin
The Shining One

Shops:
D:6 *   D:7 *

Annotations:
D:5 exclusion: statue
D:8 3 runed translucent doors, fedoskokos's ghost, novice MiHu


Innate Abilities, Weirdness & Mutations

You can breathe bolts of dispelling energy.
Your rich purple scales are hard. (AC +7)
You cannot fit into any form of body armour.
You are cold-blooded and may be slowed by cold attacks.


Message History

The wall freezes the orc knight but does no damage.
The orc knight closely misses you.
Okay, then.
You hit the orc knight. You burn the orc knight.
You tail-slap the orc knight, but do no damage.
The orc knight is moderately wounded.
The orc knight completely resists.
The wall freezes the orc knight but does no damage.
The orc knight hits you with a +0 great sword!
The wall freezes the orc knight but does no damage.
The orc knight hits you with a +0 great sword!
You closely miss the orc knight.
The orc knight is moderately wounded.
The frozen ramparts melt away.
The orc knight hits you with a +0 great sword!
* * * LOW HITPOINT WARNING * * *
Casting: Frozen Ramparts (safe; 1% risk of failure)
Confirm with . or Enter, or press ? or * to list all spells.
Casting: Frozen Ramparts (safe; 1% risk of failure)
Press: ? - help, Dir - look around, f - activate The walls around you are covered in ice.
The orc knight completely resists.
The wall freezes the orc knight but does no damage.
The orc knight misses you.
You feel better.
The orc knight completely resists.
The wall freezes the orc knight but does no damage.
The orc knight completely misses you.
As you read the scroll of teleportation, it crumbles to dust.
You feel strangely unstable.
The orc knight completely resists.
The wall freezes the orc knight but does no damage.
The orc knight hits you with a +0 great sword!
* * * LOW HITPOINT WARNING * * *
Your icy armour and frozen ramparts will break if you move.
Continue?
The orc knight attacks as you move away!
The orc knight barely misses you.
Your icy armour cracks and falls away as you move.
The frozen ramparts melt away as you move.
The orc knight attacks as you move away!
The orc knight hits you with a +0 great sword!!
You die...

# #..# #............ ##.#
###......>... #.# #.......... #.#
#.......... #######'###
###.......... ## #.........#
###........###. .# #######.###
###.'........#.'.
.####.>...#...###...#........#.#.
.##.'.###.#.#.'.@o###........#.#.
.##.#...#.#.#.##### #........'.#.
.##.###.#.###.# #........###.
.##.#...#.#...# #.....!..#
.'..#.###.#.#.# #........#
.####...#...#.# #........# .#
###.#####.# #........# ##
#.........# ##########
###########


You could see an orc knight.

Vanquished Creatures
  A two-headed ogre (D:9)
  A kobold demonologist (D:10)
  A troll (D:9)
  Sigmund (D:3)
  14 yaks
  A wyvern (D:10)
  A vampire (D:10)
  Grum (D:8)
  3 orc warriors
  A sky beast (D:7)
  3 black bears
  2 ice beasts (D:6)
  2 ogres
  3 wolves (D:8)
  4 centaurs
  4 kobold brigands
  An elf zombie (Ossuary)
  4 bullfrogs
  A gnoll sergeant (D:9)
  3 scorpions
  16 wights
  10 killer bees (D:8)
  2 howler monkeys
  A centaur zombie (Ossuary)
  2 hounds (D:6)
  A human zombie (Ossuary)
  6 orc priests
  A gnoll bouda (D:5)
  Jessica (D:2)
  Terence (D:2)
  6 iguanas
  4 orc wizards
  2 sleepcaps (D:6)
  2 mummies (Ossuary)
  12 gnolls
  11 adders
  A white imp (D:8)
  An adder zombie (Ossuary)
  2 worms
  A dart slug (D:4)
  32 orcs
  5 endoplasms
  A giant cockroach (D:3)
  12 goblins
  4 hobgoblins
  7 quokkas
  9 ball pythons
  7 bats
  4 frilled lizards
  3 goblin zombies (Ossuary)
  11 hobgoblin zombies (Ossuary)
  A jackal zombie (Ossuary)
  22 kobolds
  10 kobold zombies (Ossuary)
  6 orc zombies (Ossuary)
  4 rats
  A rat zombie (Ossuary)
274 creatures vanquished.

Notes
Turn   | Place    | Note
-------+----------+-------------------------------------------
     0 | D:1      | ANNNA the Draconian Ice Elementalist began the quest for
                  | the Orb.
     0 | D:1      | Reached XP level 1. HP: 14/14 MP: 3/3
   257 | D:1      | Reached XP level 2. HP: 16/20 MP: 1/5
   868 | D:1      | Reached XP level 3. HP: 26/26 MP: 6/6
   872 | D:1      | Learned a level 3 spell: Frozen Ramparts
   952 | D:2      | Noticed Jessica
   952 | D:2      | Noticed Terence
  1146 | D:2      | Killed Jessica
  1147 | D:2      | Reached XP level 4. HP: 34/34 MP: 2/8
  1216 | D:2      | Found a faded altar of an unknown god.
  1289 | D:2      | Noticed Sigmund
  1350 | D:3      | Found an ornate altar of the Wu Jian Council.
  1357 | D:3      | Learned a level 3 spell: Ozocubu's Armour
  1359 | D:3      | Learned a level 1 spell: Apportation
  1522 | D:3      | Reached skill level 3 in Spellcasting
  1810 | D:3      | Reached XP level 5. HP: 39/39 MP: 6/9
  2139 | D:3      | Killed Sigmund
  2140 | D:3      | Reached skill level 1 in Fighting
  2140 | D:3      | Reached skill level 1 in Short Blades
  2140 | D:3      | Reached skill level 4 in Spellcasting
  2140 | D:3      | Reached skill level 5 in Ice Magic
  2140 | D:3      | Reached XP level 6. HP: 29/47 MP: 3/12
  2252 | D:2      | Killed Terence
  2830 | D:4      | Your scales start taking on a rich purple colour.
  2830 | D:4      | Reached skill level 5 in Spellcasting
  2830 | D:4      | Reached XP level 7. HP: 52/52 MP: 5/15
  3040 | D:4      | Reached skill level 1 in Polearms
  3040 | D:4      | Reached skill level 6 in Spellcasting
  3297 | D:4      | Found a staircase to the Ecumenical Temple.
  3374 | Temple   | Entered the Ecumenical Temple
  3673 | Temple   | Became a worshipper of Ashenzari the Shackled
  4308 | D:5      | Entered Level 5 of the Dungeon
  4516 | D:5      | Found a radiant altar of Vehumet.
  4862 | D:5      | Found an ancient bone altar of Kikubaaqudgha.
  5738 | D:6      | Reached XP level 8. HP: 52/59 MP: 11/18
  5755 | D:6      | Found a sand-covered staircase.
  5761 | Ossuary  | Entered an ossuary
  6200 | Ossuary  | Identified the +5 falchion of Glory {holy, rF++ rC+ MP+9
                  | Stlth-}
  6286 | Ossuary  | Reached skill level 7 in Spellcasting
  6944 | D:6      | Found Bierin's Elemental Accessories.
  7091 | D:6      | Reached skill level 8 in Spellcasting
  7155 | D:6      | Bought a wand of flame (12) for 92 gold pieces
  7835 | D:6      | Reached skill level 1 in Evocations
  7884 | D:6      | Reached XP level 9. HP: 68/68 MP: 19/21
  8123 | D:6      | Reached skill level 5 in Stealth
  8556 | D:7      | Found Ligaisop's General Store.
  8561 | D:7      | Found Hunysoho's Specific Store.
  8569 | D:7      | Bought a potion of heal wounds for 70 gold pieces
  8569 | D:7      | Bought a scroll of identify for 28 gold pieces
  8580 | D:7      | Bought a scroll of identify for 24 gold pieces
  8734 | D:7      | Reached skill level 5 in Polearms
  8734 | D:7      | Reached skill level 9 in Spellcasting
  9366 | D:6      | HP: 1/60 [wight/+2 hand axe of freezing (3)]
  9654 | D:6      | Upgraded the game from 0.30.0-15-g856e2d3f33 to
                  | 0.30.0-18-gc0e69614cb
 10731 | D:8      | Found a runed translucent gate.
 10731 | D:8      | Found a runed translucent gate.
 10732 | D:8      | Found a runed translucent gate.
 10734 | D:8      | Noticed fedoskokos's ghost (novice MiHu)
 10839 | D:8      | Noticed Grum
 10854 | D:8      | Reached XP level 10. HP: 51/77 MP: 17/23
 10860 | D:8      | Killed Grum
 10861 | D:8      | Reached skill level 10 in Spellcasting
 11598 | D:8      | Found a glowing golden altar of the Shining One.
 11696 | D:8      | Found a hazy altar of Hepliaklqana.
 12746 | D:9      | Noticed a gargoyle
 13549 | D:9      | Noticed a two-headed ogre
 13591 | D:9      | Killed a two-headed ogre
 13747 | D:10     | Entered Level 10 of the Dungeon
 13748 | D:10     | Noticed an orc knight
 14001 | D:9      | Reached XP level 11. HP: 65/84 MP: 21/25
 14036 | D:10     | Found a staircase to the Orcish Mines.
 14967 | D:10     | Reached skill level 5 in Evocations
 15214 | D:10     | Identified the ring "Dabbifre" {rElec rPois rC+++}
 15238 | D:10     | Mangled by an orc knight

Illustrated notes

Levels and vault maps discovered:
D:1:      mainiacjoe_arrival_reflecting_pool, layout_basic, st_stairs_7
D:2:      layout_basic, shapermc_ecumenical_altar_notcrosses, uniq_sigmund,
          uniq_jessica, uniq_terence
D:3:      layout_basic, nzn_wu_jian_council_hall, serial_corexii_hall,
          corexii_hall_statues_deadend, corexii_hall_statues_s,
          corexii_hall_statues_i, corexii_hall_statues_i,
          kennysheep_generic_room_6
D:4:      layout_basic, minmay_temple_entry_purple_smoke
D:5:      layout_basic, nicolae_kikubaaqudgha_miasma_corner, vehumet_statue,
          serial_bayou, serial_bayou_pond_e, serial_bayou_pond_d,
          serial_bayou_pond_e, serial_bayou_lake_a
D:6:      minmay_chambers_of_fours, layout_loops_ring,
          nicolae_ossuary_entry_plus, nicolae_elemental_shop,
          grunt_decor_arrowhead
D:7:      layout_basic, grunt_ministairs_6, kennysheep_nub,
          nicolae_specific_store
D:8:      layout_gridville, mainiacjoe_overflow_swirl, gammafunk_ghost_spectres,
          uniq_grum
D:9:      layout_basic
D:10:     layout_roguey, orc_david_3
Temple:   minmay_temple_bridge_d

Skill      XL: |  1  2  3  4  5  6  7  8  9 10 11 |
---------------+----------------------------------+-----
Stealth        | 2 3 4 5 6 |  6.9
Dodging        | 2 3 |  3.9
Spellcasting   | 3 4 5 6 8 9 10 | 10.8
Fighting       | 1 2 3 4 |  4.3
Short Blades   | 1 |  1.4
Ice Magic      | 5 6 7 8 |  8.1
Polearms       | 2 4 5 7 |  7.2
Evocations     | 1 3 4 5 |  5.0
Throwing       | |  0.5
Unarmed Combat | |  0.1

Action                     |  1- 3 |  4- 6 |  7- 9 | 10-12 || total
---------------------------+-------+-------+-------+-------++-------
  Melee: Unarmed           |    16 |       |       |       ||    16
         Tailslap          |     9 |    14 |    53 |    13 ||    89
         Dagger            |    46 |       |       |       ||    46
         Short sword       |     7 |    70 |       |       ||    77
         Punch             |       |     1 |       |       ||     1
         Spear             |       |     2 |       |       ||     2
         Halberd           |       |       |   359 |   125 ||   484
  Throw: Stone             |       |       |     9 |     9 ||    18
   Cast: Freeze            |    30 |    28 |   100 |    23 ||   181
         Frozen Ramparts   |     1 |     6 |    44 |    28 ||    79
         Ozocubu's Armour  |       |     6 |    43 |    19 ||    68
Ability: Breathe Dispellin |       |       |    12 |     7 ||    19
  Evoke: Wand              |       |       |     2 |    14 ||    16
    Use: Potion            |       |     2 |     2 |     1 ||     5
         Scroll            |       |     1 |     6 |     5 ||    12
   Stab: Sleeping          |     1 |     3 |    13 |     1 ||    18
         Distracted        |       |       |     1 |       ||     1
 Armour: Skin              |    22 |    40 |   202 |    62 ||   326
  Dodge: Dodged            |    54 |    53 |   343 |   137 ||   587
